 Dungeon Crawl Stone Soup version 0.17.2-1-ge4368a0 (webtiles) character file.

128 rlgrobin the Insei (level 4, -1/35 HPs)
             Began as a Mummy Monk on May 1, 2017.
             Slain by an adder (5 damage)
             ... on level 3 of the Dungeon.
             The game lasted 00:04:15 (3532 turns).

rlgrobin the Insei (Mummy Monk)                     Turns: 3532, Time: 00:04:16

Health: -1/35      AC:  1    Str: 14    XL:     4   Next: 87%
Magic:  4/4        EV: 13    Int:  9    God:
Gold:   98         SH:  0    Dex: 15    Spells: 0 memorised, 3 levels left

rFire  x . .     SeeInvis .       - Unarmed
rCold  + . .     Clarity  .     (no armour)
rNeg   + + +     SustAt   .     (no shield)
rPois  ∞         Gourm    .     g - +0 helmet
rElec  .         Spirit   .     (no cloak)
rCorr  .         Warding  .     (no gloves)
rMut   .         Stasis   .     (no boots)
MR     .....                    (no amulet)
Stlth  ++........               (no ring)
                                (no ring)

@: not resistant to hostile enchantments, unstealthy
A: no food or potions, fire vulnerability, cold resistance 1, negative energy
resistance 3, torment resistance, unbreathing
a: no special abilities


You were on level 3 of the Dungeon.
You were not hungry.

You visited 1 branch of the dungeon, and saw 3 of its levels.

You collected 98 gold pieces.


Innate Abilities, Weirdness & Mutations

You do not eat or drink.
Your flesh is vulnerable to fire.
You are immune to poison.
Your flesh is cold resistant.
You are immune to negative energy.
You are immune to unholy pain and torment.
You can survive without breathing.


   Skills:
 + Level 3.4 Fighting
 - Level 2.4 Dodging
 - Level 1.5 Stealth
 - Level 5.0 Unarmed Combat


You had 3 spell levels left.
You didn't know any spells.

Inventory:

Armour
 f - a +0 robe
 g - a +0 helmet (worn)
Scrolls
 a - a scroll of fog {unknown}
 b - a scroll of amnesia {unknown}
 c - 4 scrolls of remove curse {unknown}
 d - a scroll of teleportation {unknown}
 e - a scroll of noise {unknown}
 h - a scroll of enchant weapon {unknown}
 i - a scroll of enchant armour {unknown}

Dungeon Overview and Level Annotations

Branches:
Dungeon (3/15)

Altars:
Okawaru

▒▒▒▒▒▒▒.▒▒▒ ..........
.......... .......
.....▒▒▒ ▒
▒▒▒▒▒▒▒▒.....▒ .▒▒▒▒▒
▒.....▒▒.....▒▒▒▒<.....
▒..... ▒..<..▒▒........
▒▒.... ▒.....▒▒M▒..▒
..... ▒.....▒▒S▒..▒▒▒▒
....▒▒ ▒▒▒▒▒..rl†.....▒
.....▒▒ ▒..)....▒...
......▒▒ ▒..▒........
...†...▒▒▒▒▒▒..▒.▒.▒▒..▒
........£.......(.......
....)..................▒
.........▒▒▒▒..▒.▒.▒▒...


You could see an adder, a giant newt and a rat.


Message History

The adder is moderately wounded!
The adder closely misses you!
You beat the adder into a bloody pulp!
The adder is heavily wounded!
The adder bites you!
You take 1 damage, and have 18/35 hp!
You miss the adder!
The adder is heavily wounded!
The adder bites you! * * * don't die
* * * The adder bites you! * * * don't die
* * * You take 5 damage, and have 13/35 hp!
You closely miss the adder!
The adder is heavily wounded!
The adder barely misses you!
You closely miss the adder!
The adder is heavily wounded!
The adder bites you! * * * don't die
* * * You take 4 damage, and have 9/35 hp!
You pummel the adder like a punching bag!
The adder is almost dead!
The adder bites you! * * * don't die
* * * You take 5 damage, and have 4/35 hp!
You barely miss the adder!
The adder is almost dead!
The adder bites you! rip

Action                   |  1- 3 |  4- 6 || total
-------------------------+-------+-------++-------
Melee: Unarmed           |   137 |   106 ||   243
 Stab: Sleeping          |     4 |     3 ||     7
       Distracted        |     1 |       ||     1

Vault maps used:
D:1:      ncdulo_smallfort, minmay_tree_intersection
D:2:      okawaru_ov_weapons_minmay, uniq_jessica, uniq_robin
D:3:      st_stairs_14, uniq_sigmund

Notes
Turn   | Place    | Note
--------------------------------------------------------------
     0 | D:1      | rlgrobin the Mummy Monk began the quest for the Orb.
     0 | D:1      | Reached XP level 1. HP: 18/18 MP: 1/1
   625 | D:1      | Reached XP level 2. HP: 24/24 MP: 2/2
  1045 | D:1      | Reached skill level 4 in Unarmed Combat
  1532 | D:1      | Reached XP level 3. HP: 29/29 MP: 3/3
  1862 | D:2      | Noticed Robin
  2057 | D:2      | Noticed Jessica
  2105 | D:1      | Killed Jessica
  2358 | D:2      | Reached XP level 4. HP: 33/35 MP: 4/4
  2985 | D:2      | Killed Robin
  3023 | D:2      | Found an iron altar of Okawaru.
  3045 | D:2      | Reached skill level 5 in Unarmed Combat
  3532 | D:3      | Slain by an adder

Vanquished Creatures
  Jessica (D:1)
  Robin (D:2)
  2 adders (D:2)
  An ooze (D:1)
  A worm (D:2)
  3 giant geckos
  2 orcs (D:3)
  2 ball pythons (D:2)
  6 bats
  3 giant cockroaches
  19 goblins
  5 hobgoblins
  7 kobolds
  3 giant newts
  4 rats
60 creatures vanquished.
